 Dungeon Crawl Stone Soup version 0.24-a0-417-g1cce26a4d2 (webtiles) character file.

Game seed: 3675821035461865039

80 KrasnyyBoyets the Skirmisher (level 4, -5/38 HPs)
             Began as a Barachi Skald on June 11, 2019.
             Slain by Grinder (9 damage)
             ... on level 3 of the Dungeon.
             The game lasted 00:21:00 (2775 turns).

KrasnyyBoyets the Skirmisher (Barachi Skald)        Turns: 2775, Time: 00:21:01

Health: -5/38      AC:  6    Str: 13    XL:     4   Next: 39%
Magic:  0/7        EV: 11    Int: 13    God:
Gold:   129        SH:  0    Dex: 12    Spells: 1/7 levels left

rFire    + . .     SeeInvis .   a - +0 hand axe
rCold    + . .     Gourm    .   (no shield)
rNeg     . . .     Faith    .   c - +0 ring mail
rPois    +         Spirit   .   (no helmet)
rElec    +         Reflect  .   (no cloak)
rCorr    +         Harm     .   b - +0 pair of gloves
MR       .....                  (no boots)
Stlth    +.........             (no amulet)
HPRegen  0.12/turn              (no ring)
MPRegen  0.10/turn              (no ring)

@: resistant, infused, hasted, quick
A: +LOS, swims, slowness 1, strong legs 1
a: Hop


You were on level 3 of the Dungeon.
You were not hungry.

You visited 1 branch of the dungeon, and saw 3 of its levels.

You collected 129 gold pieces.

Inventory:

Hand Weapons
 a - a +0 hand axe (weapon)
 o - a +1 quarterstaff of crushing
Armour
 b - a +0 pair of gloves (worn)
 c - a +0 ring mail (worn)
Scrolls
 g - a scroll of fear {unknown}
 h - a scroll of identify
 i - 2 scrolls of remove curse {unknown}
 j - a scroll of enchant armour {unknown}
Potions
 e - a potion of resistance
 f - a potion of heal wounds {unknown}
 l - a potion of magic {unknown}
 m - a potion of haste
 n - a potion of degeneration {unknown}
 p - a potion of brilliance {unknown}
Comestibles
 d - 2 rations


   Skills:
 - Level 4.4 Fighting
 * Level 3.4 Axes
 - Level 1.2 Armour
 - Level 2.1 Dodging
 - Level 2.1 Spellcasting
 - Level 3.2 Charms
 * Level 0.2 Necromancy


You had one spell level left.
You knew the following spells:

 Your Spells              Type           Power        Failure   Level  Hunger
a - Infusion              Chrm           #...         14%         1    ##.....
b - Shroud of Golubria    Chrm/Tloc      #.....       38%         2    ###....
c - Regeneration          Chrm/Necr      #.........   61%         3    ####...

Your spell library contained the following spells:

 Spells                   Type           Power        Failure   Level  Hunger
 Song of Slaying          Chrm           #.......     21%         2    ###....
 Spectral Weapon          Hex/Chrm       #.......     63%         3    ####...


Dungeon Overview and Level Annotations

Branches:
Dungeon (3/15)

Altars:

Annotations:
D:2 1 exclusion
D:3 Grinder


Innate Abilities, Weirdness & Mutations

Shadows flee at your approach. (+LOS)
You can swim through water.
You cover ground slowly.
You can hop short distances.


Message History

It was a potion of haste.
You feel yourself speed up. Grinder gestures at you.
You resist with significant effort.
You closely miss Grinder.
Grinder is moderately wounded.
Grinder gestures at you. Pain shoots through your body!
* * * LOW HITPOINT WARNING * * *
It was a potion of resistance.
You feel protected.
You hit Grinder but do no damage.
Grinder is moderately wounded.
Grinder closely misses you.
A goblin comes into view.
As you read the scroll labeled ICEGISHITZU, it crumbles to dust.
It is a scroll of identify.
o - a +1 quarterstaff of crushing Grinder says, "DUCK!"
Grinder hits you!
You die...

g..#
#######...#
##.........#
.......#.##
#..8.....
#.....#.#
#.....#.#
##.5#...#
#.@...##
####..###.#
#......#
##.##### #.#
#.#
#.#########.#
#....<......#
#############


You could see Grinder and a goblin.

Vanquished Creatures
  Terence (D:2)
  A worker ant (D:2)
  2 dart slugs
  2 bats
  A giant cockroach (D:1)
  4 hobgoblins (D:1)
  4 jackals (D:1)
  A kobold (D:1)
  3 frilled lizards
  2 goblins (D:2)
  5 rats
26 creatures vanquished.

Notes
Turn   | Place    | Note
-------+----------+-------------------------------------------
     0 | D:1      | KrasnyyBoyets the Barachi Skald began the quest for the
                  | Orb.
     0 | D:1      | Reached XP level 1. HP: 17/17 MP: 3/3
    97 | D:1      | Reached skill level 3 in Fighting
    97 | D:1      | Reached XP level 2. HP: 24/24 MP: 1/5
   145 | D:1      | Learned a level 2 spell: Shroud of Golubria
  1274 | D:2      | Reached skill level 4 in Fighting
  1274 | D:2      | Reached XP level 3. HP: 15/30 MP: 0/6
  1549 | D:2      | Noticed Terence
  1577 | D:2      | Killed Terence
  1577 | D:2      | Reached XP level 4. HP: 16/38 MP: 0/7
  1761 | D:2      | Learned a level 3 spell: Regeneration
  2754 | D:3      | Noticed Grinder
  2775 | D:3      | Slain by Grinder

Levels and vault maps discovered:
D:1:      saegor_arrival_simple_b, layout_loops_corners
D:2:      layout_basic, first_ration, uniq_terence
D:3:      layout_loops_cross, serial_undead, serial_undead_b, serial_undead_d,
          serial_undead_f, serial_undead_a, portal_sewer_entry_e, uniq_robin,
          uniq_grinder

Skill      XL: |  1  2 |
---------------+-------+-----
Fighting       | 3 4 |  4.4
Axes           | 3 |  3.4
Armour         | |  1.2
Dodging        | |  2.1
Spellcasting   | |  2.1
Charms         | |  3.2
Necromancy     | |  0.2

Action                   |  1- 3 |  4- 6 || total
-------------------------+-------+-------++-------
Melee: Hand axe          |    73 |    20 ||    93
 Cast: Infusion          |     7 |     5 ||    12
       Shroud of Golubri |     5 |     1 ||     6
       Regeneration      |       |     1 ||     1
  Use: Potion            |       |     3 ||     3
       Scroll            |       |     1 ||     1
  Eat: Chunk             |     1 |     2 ||     3
       Ration            |     1 |     1 ||     2
Armor: Leather armour    |     5 |       ||     5
       Ring mail         |    25 |     8 ||    33
Dodge: Dodged            |    51 |    10 ||    61

Table legend:
 A = Non-vault XP
 B = Vault XP
 C = Vault XP percentage of total XP
 D = Non-vault monster count
 E = Vault monster count
 F = Vault count percentage of total count
                 A         B        C        D         E       F
            +---------+---------+-------+---------+---------+-------
      Total |      79 |      36 |  31.3 |      25 |       1 |   3.8
            +---------+---------+-------+---------+---------+-------
        D:1 |      30 |       0 |   0.0 |      17 |       0 |   0.0
        D:2 |      47 |      36 |  43.4 |       7 |       1 |  12.5
        D:3 |       2 |       0 |   0.0 |       1 |       0 |   0.0
            +---------+---------+-------+---------+---------+-------
